[Event "Titled Tuesday Blitz November 07 Early 2023"]
[White "Berezin, Viktor"]
[Black "Shapiro, Viktor"]
[WhiteFideId "14107872"]
[BlackFideId "4175700"]
[WhiteElo "2475"]
[BlackElo "2603"]
[Result "1-0"]
[Round "10"]
[TimeControl "180+1"]
[Date "2023.11.07"]
[WhiteClock "0:00:16"]
[BlackClock "0:00:15"]
[Board "72"]

1. Nf3 Nf6 2. c4 c5 3. g3 Nc6 4. Bg2 g6 5. O-O Bg7 6. Nc3 O-O 7. d3 d6 8. Rb1 a6 9. a3 Rb8 10. b4 cxb4 11. axb4 b5 12. cxb5 axb5 13. Ne1 Bd7 14. Nc2 e6 15. Bb2 d5 16. e4 d4 17. Ne2 e5 18. f4 Ng4 19. f5 Bh6 20. h3 Ne3 21. Nxe3 Bxe3+ 22. Kh2 Qg5 23. Bc1 Rfc8 24. Bxe3 Qxe3 25. Qb3 gxf5 26. Rbe1 Be6 27. Qb1 Ne7 28. Nf4 exf4 29. Rxe3 fxe3 30. Qd1 fxe4 31. Bxe4 f5 32. Bg2 Rc3 33. g4 Rf8 34. gxf5 Rxf5 35. Qg4+ Kf7 36. Qxd4 Rc2 37. Kg1 Rxf1+ 38. Bxf1 e2 39. Qf2+ Ke8 40. Bxe2 Kd7 41. Qd4+ Nd5 42. Bf3 Kd6 43. Bxd5 Bxd5 44. Qf6+ Kd7 45. Qg7+ Kc6 46. Qh6+ Kb7 47. Qxh7+ Kc6 48. Qg6+ Kb7 49. Qg7+ Kc6 50. Qh6+ Kb7 51. Qe3 Rg2+ 52. Kf1 Rb2 53. Qe7+ Kc8 54. Qc5+ Kb8 55. Qxd5 Rxb4 56. Qd6+ 1-0


[Site "https://www.chess.com"]

[Event "Titled Tuesday Blitz November 07 Early 2023"]
[White "Czerw, Dawid"]
[Black "Lewicki, Miroslaw"]
[WhiteFideId "1145746"]
[BlackFideId "1113380"]
[WhiteElo "2473"]
[BlackElo "2598"]
[Result "1-0"]
[Round "10"]
[TimeControl "180+1"]
[Date "2023.11.07"]
[WhiteClock "0:00:53"]
[BlackClock "0:00:33"]
[Board "73"]

1. e4 e6 2. d4 Ke7 3. c4 d6 4. Nc3 Nd7 5. f4 b6 6. Nf3 Bb7 7. Bd3 Ke8 8. O-O g6 9. f5 e5 10. fxg6 hxg6 11. Bg5 Be7 12. Bxe7 Qxe7 13. Nd5 Bxd5 14. cxd5 Kf8 15. Rc1 Qd8 16. Qc2 exd4 17. Qxc7 Nc5 18. Qxd8+ Rxd8 19. Rcd1 Re8 20. Ng5 Re7 21. b4 Na4 22. Ne6+ Rxe6 23. dxe6 f6 24. Bc4 Nc3 25. Rxd4 Ke7 26. e5 fxe5 27. Rf7+ Ke8 28. Rxd6 Ne7 29. Rd7 Nc8 30. Ba6 1-0


[Site "https://www.chess.com"]

[Event "Titled Tuesday Blitz November 07 Early 2023"]
[White "Kanyamarala, Tarun"]
[Black "Herzog2012"]
[WhiteFideId "45004714"]
[WhiteElo "2453"]
[BlackElo "2585"]
[Result "1-0"]
[Round "10"]
[TimeControl "180+1"]
[Date "2023.11.07"]
[WhiteClock "0:00:52"]
[BlackClock "0:00:00"]
[Board "74"]

1. d4 Nf6 2. c4 e6 3. Nc3 Bb4 4. e3 O-O 5. Bd2 b6 6. Bd3 Bb7 7. Nf3 d5 8. cxd5 exd5 9. O-O Nbd7 10. Qb1 h6 11. a3 Be7 12. b4 a6 13. a4 Re8 14. b5 axb5 15. Nxb5 Ne4 16. Rc1 c5 17. Be1 c4 18. Bxe4 dxe4 19. Nd2 Nf6 20. Nxc4 Bd5 21. Ne5 Rc8 22. Rxc8 Qxc8 23. Qb2 Qb7 24. Nc3 Bd6 25. Rb1 Bc7 26. a5 Rb8 27. Nxd5 Nxd5 28. Qb5 Bxe5 29. dxe5 Ne7 30. axb6 Nd5 31. h3 Rc8 32. Ba5 1-0


[Site "https://www.chess.com"]

[Event "Titled Tuesday Blitz November 07 Early 2023"]
[White "Tsotsonava, Elene"]
[Black "Derjabin, Ilja"]
[WhiteFideId "13615939"]
[BlackFideId "14104768"]
[WhiteElo "2433"]
[BlackElo "2567"]
[Result "1/2-1/2"]
[Round "10"]
[TimeControl "180+1"]
[Date "2023.11.07"]
[WhiteClock "0:00:07"]
[BlackClock "0:00:04"]
[Board "75"]

1. d4 Nf6 2. Nc3 e6 3. Bf4 Bb4 4. Qd3 O-O 5. a3 Bxc3+ 6. Qxc3 Nd5 7. Qg3 Nxf4 8. Qxf4 b6 9. e3 Bb7 10. Nf3 d6 11. Bd3 Nd7 12. Qg3 Qf6 13. Ng5 g6 14. h4 h6 15. Ne4 Qg7 16. Nd2 f5 17. O-O-O e5 18. dxe5 Nxe5 19. Nf3 Ng4 20. Nd4 Rae8 21. Bc4+ d5 22. Be2 Ne5 23. Kb1 c5 24. Nf3 Ng4 25. Nd2 d4 26. Bxg4 fxg4 27. Nc4 dxe3 28. Nxe3 h5 29. Rd2 Re7 30. Rhd1 Be4 31. Qd6 Ref7 32. Qe6 Bb7 33. Rd7 Bc8 34. Rxf7 Bxe6 35. Rxg7+ Kxg7 36. Rd2 b5 37. g3 Kf6 38. b4 cxb4 39. axb4 Ke5 40. Kb2 Ke4 41. c3 Bc4 42. Nc2 Bd3 43. Nd4 Bc4 44. Kc2 a6 45. Kd1 Rc8 46. Kc2 Bf1 47. Kb2 Bc4 48. Nc2 Kf3 49. Ne1+ Ke4 50. Nc2 Rf8 51. Nd4 Bf1 52. Kc2 Ra8 53. Kb2 Rc8 54. Nb3 Rc6 55. Nd4 Rc8 56. Nb3 Bc4 57. Nd4 Rf8 58. Kc1 Rf7 59. Kd1 Rf6 60. Kc1 Bd3 61. Kb2 Bc4 62. Nc2 Kf3 63. Ne1+ Ke4 64. Nc2 Kf3 65. Ne1+ Ke4 66. Nc2 1/2-1/2


[Site "https://www.chess.com"]

[Event "Titled Tuesday Blitz November 07 Early 2023"]
[White "Slovineanu, Viacheslav"]
[Black "Vestby-Ellingsen, Mads"]
[WhiteFideId "13900510"]
[BlackFideId "1520857"]
[WhiteElo "2430"]
[BlackElo "2566"]
[Result "0-1"]
[Round "10"]
[TimeControl "180+1"]
[Date "2023.11.07"]
[WhiteClock "0:00:10"]
[BlackClock "0:00:34"]
[Board "76"]

1. d4 a6 2. g3 h6 3. Bg2 d6 4. e4 e6 5. Nf3 Nc6 6. O-O Bd7 7. c4 e5 8. d5 Nce7 9. Nc3 Nf6 10. Rb1 Qc8 11. Be3 Bh3 12. c5 Bxg2 13. Kxg2 Ng6 14. b4 Ng4 15. Qe2 Nxe3+ 16. Qxe3 Be7 17. Rfc1 Qd7 18. c6 Qc8 19. cxb7 Qxb7 20. b5 O-O 21. a4 axb5 22. Rxb5 Qc8 23. h3 f5 24. exf5 Qxf5 25. Rb7 e4 26. Nd4 Qc8 27. Rb4 Bg5 28. Qxe4 Bxc1 29. Qxg6 Qe8 30. Qc2 Ba3 31. Rc4 Bc5 32. Ne6 Rxf2+ 33. Qxf2 Bxf2 34. Rxc7 Bd4 35. Nxd4 Qe3 36. Ne6 Rb8 37. Nb5 Qe4+ 38. Kh2 Qxd5 39. Rxg7+ Kh8 40. Rg6 Qd2+ 41. Kg1 Qc1+ 42. Kf2 Qc2+ 0-1


[Site "https://www.chess.com"]

[Event "Titled Tuesday Blitz November 07 Early 2023"]
[White "Halkias, Stelios"]
[Black "Soumya, Swaminathan"]
[WhiteFideId "4201809"]
[BlackFideId "5016193"]
[WhiteElo "2711"]
[BlackElo "2417"]
[Result "1-0"]
[Round "10"]
[TimeControl "180+1"]
[Date "2023.11.07"]
[WhiteClock "0:00:07"]
[BlackClock "0:00:00"]
[Board "77"]

1. Nf3 Nf6 2. c4 g6 3. Nc3 Bg7 4. e4 d6 5. d4 O-O 6. Be2 e5 7. Be3 exd4 8. Nxd4 Re8 9. f3 c6 10. Bf2 d5 11. exd5 cxd5 12. O-O Nc6 13. c5 Nh5 14. Qd2 Be5 15. Bb5 Nf4 16. Kh1 Qf6 17. Bxc6 bxc6 18. Rae1 Ba6 19. Rg1 Nd3 20. Rxe5 Nxf2+ 21. Qxf2 Rxe5 22. b4 Rb8 23. a3 Bc4 24. f4 Re7 25. b5 cxb5 26. c6 a5 27. f5 b4 28. axb4 axb4 29. Na4 b3 30. Qg3 Ra8 31. Nb6 Rae8 32. Qf2 Re4 33. Nf3 b2 34. c7 Qxf5 35. c8=Q Rxc8 36. Nxc8 Qxc8 37. Qxb2 Re2 38. Qf6 Qf5 39. Qd8+ Kg7 40. Nd4 Qe4 41. Nxe2 Qxe2 42. Qd6 Qe4 43. Rd1 Bb3 44. Rf1 d4 45. Qf6+ Kg8 46. Qd8+ Kg7 47. Qf6+ Kg8 48. Ra1 Qe8 49. Qxd4 Be6 50. h3 h5 51. Qe4 Kh7 52. Ra8 Qb5 53. Qd4 1-0


[Site "https://www.chess.com"]

[Event "Titled Tuesday Blitz November 07 Early 2023"]
[White "Reprintsev, Alexander"]
[Black "Nasuta, Grzegorz"]
[WhiteFideId "14100541"]
[BlackFideId "1141686"]
[WhiteElo "2498"]
[BlackElo "2660"]
[Result "1-0"]
[Round "10"]
[TimeControl "180+1"]
[Date "2023.11.07"]
[WhiteClock "0:00:31"]
[BlackClock "0:00:01"]
[Board "78"]

1. e4 c5 2. b3 Nf6 3. e5 Nd5 4. Nc3 Nxc3 5. dxc3 Nc6 6. Nf3 d5 7. exd6 exd6 8. Bf4 Be7 9. Bc4 Be6 10. Bxe6 fxe6 11. O-O O-O 12. Bg3 Qe8 13. Re1 Qf7 14. Qe2 e5 15. Rad1 Rad8 16. Qb5 Bf6 17. Nd2 a6 18. Qe2 d5 19. Qg4 h5 20. Qa4 e4 21. c4 h4 22. cxd5 hxg3 23. hxg3 Rxd5 24. Nxe4 Rxd1 25. Rxd1 Bd4 26. Rd2 Qe6 27. Re2 Qd5 28. Qc4 Qxc4 29. bxc4 Rd8 30. Kh2 b6 31. c3 Be5 32. f4 Bc7 33. Ng5 Rd7 34. Re8# 1-0


[Site "https://www.chess.com"]

[Event "Titled Tuesday Blitz November 07 Early 2023"]
[White "FoxOnTheRun97"]
[Black "Manukyan, Sargis V."]
[BlackFideId "13303465"]
[WhiteElo "2611"]
[BlackElo "2458"]
[Result "1-0"]
[Round "10"]
[TimeControl "180+1"]
[Date "2023.11.07"]
[WhiteClock "0:01:25"]
[BlackClock "0:00:28"]
[Board "80"]

1. d4 Nf6 2. Bg5 c5 3. d5 Ne4 4. h4 Nxg5 5. hxg5 e5 6. dxe6 dxe6 7. Qxd8+ Kxd8 8. e3 Nc6 9. Nc3 Kc7 10. O-O-O a6 11. Bd3 b5 12. Rxh7 Rxh7 13. Bxh7 Bb7 14. Be4 f5 15. gxf6 gxf6 16. Bf3 Bd6 17. Nge2 Be5 18. Ne4 Kb6 19. Nd6 Bxd6 20. Rxd6 Re8 21. Nf4 c4 22. Nxe6 Rh8 23. Bxc6 Bxc6 24. Nd4 1-0


[Site "https://www.chess.com"]

[Event "Titled Tuesday Blitz November 07 Early 2023"]
[White "Tregubov, Pavel V."]
[Black "Kostiukov, Alexandr"]
[WhiteFideId "4115341"]
[BlackFideId "14108100"]
[WhiteElo "2610"]
[BlackElo "2464"]
[Result "1-0"]
[Round "10"]
[TimeControl "180+1"]
[Date "2023.11.07"]
[WhiteClock "0:00:12"]
[BlackClock "0:00:00"]
[Board "81"]

1. e4 c5 2. Nf3 g6 3. c3 Bg7 4. d4 cxd4 5. cxd4 d5 6. e5 Nh6 7. Bb5+ Nc6 8. O-O O-O 9. h3 f6 10. Re1 Qb6 11. Nc3 fxe5 12. Bxc6 bxc6 13. Nxe5 Nf5 14. Na4 Qxd4 15. Qxd4 Nxd4 16. Bg5 Nc2 17. Nxc6 e6 18. Nc5 Nxa1 19. Rxa1 Bxb2 20. Re1 Bf6 21. Bh6 Re8 22. f4 a5 23. Kh2 Kf7 24. Rb1 Ba6 25. Rb6 Bc4 26. Rb7+ Kg8 27. Nd7 Bc3 28. Nce5 Bxe5 29. fxe5 Re7 30. Bg5 Rf7 31. Nf6+ Kg7 32. Rb6 d4 33. Rd6 d3 34. a3 h6 35. Bd2 g5 36. h4 Kg6 37. h5+ Kf5 38. Bc3 a4 39. g4+ Kf4 40. Rd4+ Ke3 41. Rxc4 Rd8 42. Re4+ Kf3 43. Bd2 1-0


[Site "https://www.chess.com"]

[Event "Titled Tuesday Blitz November 07 Early 2023"]
[White "Jovic, Stanoje"]
[Black "Perdomo, Carlos Andres"]
[WhiteFideId "905020"]
[BlackFideId "4400852"]
[WhiteElo "2448"]
[BlackElo "2598"]
[Result "1-0"]
[Round "10"]
[TimeControl "180+1"]
[Date "2023.11.07"]
[WhiteClock "0:00:13"]
[BlackClock "0:00:41"]
[Board "82"]

1. c4 c5 2. g3 b6 3. Bg2 Nc6 4. Nf3 Bb7 5. O-O Qc7 6. e3 e6 7. d4 cxd4 8. exd4 Nf6 9. d5 Na5 10. Bf4 Qxc4 11. Ne5 Qb4 12. dxe6 fxe6 13. Bxb7 Nxb7 14. Nc3 Qxb2 15. Qf3 d5 16. Rfe1 Bb4 17. Rac1 O-O 18. Nd3 Qa3 19. Nb5 Qa5 20. Nxb4 Qxb5 21. Nc6 Nc5 22. Nd4 Qd3 23. Rcd1 Qxf3 24. Nxf3 Nfe4 25. Kg2 Rae8 26. Be5 Rf5 27. g4 Rf7 28. Bd4 Ref8 29. Ne5 Rf4 30. f3 h6 31. fxe4 Nxe4 32. h3 Rc8 33. Re2 Nd6 34. Ng6 Rf7 35. Rxe6 Rc2+ 36. Kg1 Ne4 37. h4 Nf2 38. h5 Nh3+ 39. Kh1 Rff2 40. Re8+ Kf7 41. Re7+ Kg8 42. Rxg7# 1-0


[Site "https://www.chess.com"]

[Event "Titled Tuesday Blitz November 07 Early 2023"]
[White "OPQRC"]
[Black "LangesNasenhaar"]
[WhiteElo "2562"]
[BlackElo "2434"]
[Result "0-1"]
[Round "10"]
[TimeControl "180+1"]
[Date "2023.11.07"]
[WhiteClock "0:00:03"]
[BlackClock "0:00:05"]
[Board "83"]

1. e4 Nc6 2. g3 d5 3. exd5 Qxd5 4. Nf3 e5 5. Bg2 e4 6. Ng1 Nf6 7. Nc3 Qe5 8. Qe2 Nd4 9. Qd1 Bg4 10. Nce2 Bf3 11. Kf1 Bc5 12. c3 Nxe2 13. Nxe2 O-O-O 14. d4 Qh5 15. Qe1 Bxg2+ 16. Kxg2 Qf3+ 17. Kg1 Bb6 18. Be3 Ng4 19. Nf4 g5 20. Ng2 h6 21. h3 Nf6 22. Qd1 Qf5 23. Qe2 Kb8 24. Kh2 h5 25. Rad1 c6 26. c4 Bc7 27. Kg1 h4 28. g4 Qg6 29. b4 Nh7 30. a4 f5 31. gxf5 Qxf5 32. b5 cxb5 33. axb5 Nf6 34. Kf1 g4 35. hxg4 Nxg4 36. Rxh4 Nxe3+ 37. Qxe3 Rxh4 38. Nxh4 Qh5 39. Ra1 Qxh4 40. Ke2 Qg4+ 41. Kf1 Rg8 42. Rc1 Qg1+ 43. Ke2 Qg4+ 44. Kf1 Bf4 45. Qxe4 Bxc1 46. Qe5+ Ka8 47. c5 Qd1+ 0-1


[Site "https://www.chess.com"]

[Event "Titled Tuesday Blitz November 07 Early 2023"]
[White "Demin, Vladimir"]
[Black "Su, Dion"]
[WhiteFideId "4167457"]
[BlackFideId "2029731"]
[WhiteElo "2557"]
[BlackElo "2434"]
[Result "1-0"]
[Round "10"]
[TimeControl "180+1"]
[Date "2023.11.07"]
[WhiteClock "0:01:31"]
[BlackClock "0:00:46"]
[Board "84"]

1. d4 Nf6 2. Nc3 d5 3. Bf4 c5 4. e4 dxe4 5. dxc5 Qxd1+ 6. Rxd1 e6 7. Nb5 Na6 8. Nd6+ Bxd6 9. Bxd6 Nb4 10. c3 Nc6 11. f3 Bd7 12. b4 O-O-O 13. Bc4 exf3 14. gxf3 Nd5 15. Bxd5 exd5 16. Rxd5 Rhe8+ 17. Kf2 Be6 18. Rd2 Ne5 19. Ne2 Nc4 20. Rd4 Nxd6 21. cxd6 Kd7 22. c4 Rc8 23. c5 b6 24. Rc1 Rc6 25. Nf4 bxc5 26. bxc5 Rec8 27. Nd3 f6 28. Ra4 a6 29. Ra5 Rb8 30. a3 Rb5 31. Rxb5 axb5 32. Nb4 Rc8 33. Ke3 Ra8 34. Rc3 Bc4 35. Kd4 Ke6 36. Re3+ Kf5 37. c6 g5 38. d7 Be6 39. Kc5 h5 40. Kd6 Bc4 41. c7 1-0


[Site "https://www.chess.com"]

[Event "Titled Tuesday Blitz November 07 Early 2023"]
[White "Bashirli, Saadat"]
[Black "Tikhonov, Viacheslav"]
[WhiteFideId "13429990"]
[BlackFideId "44196407"]
[WhiteElo "2432"]
[BlackElo "2552"]
[Result "1-0"]
[Round "10"]
[TimeControl "180+1"]
[Date "2023.11.07"]
[WhiteClock "0:02:03"]
[BlackClock "0:00:01"]
[Board "85"]

1. d4 d5 2. e3 e6 3. f4 Nf6 4. Bd3 c5 5. c3 Nc6 6. Nf3 cxd4 7. exd4 g6 8. O-O Bg7 9. Ne5 O-O 10. Nd2 Bd7 11. Qe2 Ne8 12. b3 Nd6 13. Ba3 Qc7 14. Rac1 Rfe8 15. Ndf3 Nf5 16. Kh1 Nxe5 17. fxe5 Bc6 18. g4 Ne7 19. Ng5 Rf8 20. Bd6 h6 21. Bxc7 1-0


[Site "https://www.chess.com"]

[Event "Titled Tuesday Blitz November 07 Early 2023"]
[White "Senthil Maran K"]
[Black "Cristi_Coca"]
[WhiteFideId "25035681"]
[WhiteElo "2540"]
[BlackElo "2432"]
[Result "1-0"]
[Round "10"]
[TimeControl "180+1"]
[Date "2023.11.07"]
[WhiteClock "0:01:54"]
[BlackClock "0:00:01"]
[Board "86"]

1. d4 Nf6 2. c4 g6 3. Nf3 Bg7 4. g3 O-O 5. Bg2 d6 6. O-O c5 7. Nc3 Nc6 8. d5 Na5 9. Nd2 a6 10. a4 Rb8 11. e4 Bd7 12. Qe2 b5 13. axb5 axb5 14. Nxb5 Bxb5 15. cxb5 Qb6 16. e5 dxe5 17. Qxe5 Qxb5 18. Qxe7 Rfd8 19. Qc7 Nb7 20. Ra7 Nd6 21. Qc6 Qb4 22. Qa4 Qb6 23. Ra6 Qb7 24. Rc6 Rbc8 25. Nc4 Nxc4 26. Qxc4 Ra8 27. d6 Qd7 28. Rc7 Qe8 29. Bxa8 Rxa8 30. Re7 Qf8 31. Bf4 Rd8 32. Rfe1 h6 33. h4 Nh5 34. Qxc5 Nxf4 35. gxf4 Bxb2 36. d7 Kh7 37. Qd5 Kg7 38. Re8 Qxe8 39. Rxe8 1-0


[Site "https://www.chess.com"]

[Event "Titled Tuesday Blitz November 07 Early 2023"]
[White "FuenfgegenWilly"]
[Black "Rietze, Clemens, Dr."]
[BlackFideId "24620351"]
[WhiteElo "2399"]
[BlackElo "2525"]
[Result "1-0"]
[Round "10"]
[TimeControl "180+1"]
[Date "2023.11.07"]
[WhiteClock "0:00:19"]
[BlackClock "0:00:16"]
[Board "87"]

1. d4 Nf6 2. Nf3 g6 3. g3 Bg7 4. Bg2 O-O 5. O-O d6 6. Nc3 Nc6 7. d5 Nb4 8. e4 a5 9. Re1 e5 10. dxe6 Bxe6 11. Nd4 Bd7 12. a3 Na6 13. h3 Re8 14. Bf4 Nc5 15. Qd2 Rb8 16. Bh6 Bh8 17. Bg5 c6 18. Rad1 Qc7 19. Nb3 Nxb3 20. cxb3 Re6 21. h4 Ng4 22. Bh3 f5 23. exf5 Rxe1+ 24. Rxe1 Bxf5 25. Re7 Qb6 26. Bxg4 Bxg4 27. Nd5 Qxb3 28. Nf6+ Bxf6 29. Bxf6 Qd1+ 30. Qxd1 Bxd1 31. Rg7+ Kf8 32. Rxh7 Bb3 33. Rc7 Ke8 34. g4 Bf7 35. h5 gxh5 36. gxh5 Bxh5 37. Rh7 Rc8 38. Rxh5 Kf7 39. Bc3 Kg6 40. Rxa5 d5 41. Ra7 Rc7 42. Ba5 Re7 43. Bb6 Kf5 44. b4 Ke4 45. Ra8 Kf3 46. Rd8 Rg7+ 47. Kf1 Rh7 48. Rf8+ Ke4 49. Ke2 Rh3 50. f3+ Ke5 51. Re8+ Kd6 52. Rd8+ Ke7 53. Rb8 Rh2+ 54. Ke3 Ra2 55. Rxb7+ Kd6 56. Ra7 Rb2 57. Bc5+ Ke6 58. Re7+ Kf6 59. Bd4+ Kxe7 60. Bxb2 1-0


[Site "https://www.chess.com"]

[Event "Titled Tuesday Blitz November 07 Early 2023"]
[White "HeroRubiksCube"]
[Black "Dishman, Stephen"]
[BlackFideId "403024"]
[WhiteElo "2519"]
[BlackElo "2383"]
[Result "0-1"]
[Round "10"]
[TimeControl "180+1"]
[Date "2023.11.07"]
[WhiteClock "0:00:13"]
[BlackClock "0:00:15"]
[Board "88"]

1. e4 c5 2. Nc3 Nc6 3. Nge2 g6 4. g3 Bg7 5. Bg2 d6 6. O-O Rb8 7. d3 b5 8. Be3 b4 9. Na4 Qa5 10. c3 bxc3 11. Naxc3 Nf6 12. b3 O-O 13. Bd2 Qa6 14. Be3 Ng4 15. Rc1 Nxe3 16. fxe3 Ne5 17. d4 Nd3 18. Rb1 cxd4 19. exd4 Bg4 20. h3 Bxd4+ 21. Kh2 Bxc3 22. hxg4 Bg7 23. Nf4 Ne5 24. Nd5 Rb7 25. Rf2 Rc8 26. Kh3 Qd3 27. Qxd3 Nxd3 28. Rd2 Ne5 29. b4 e6 30. Nf4 Bf8 31. Nd3 Nxd3 32. Rxd3 Rbc7 33. a4 Rc3 34. Rxc3 Rxc3 35. b5 Ra3 36. Rb4 d5 37. Rd4 Bc5 38. Rd2 dxe4 39. Bxe4 Rxa4 40. Bc6 Ra1 41. Rd7 Ra2 42. g5 Kg7 43. Rb7 Kf8 44. Rd7 Bg1 45. Rc7 Rb2 46. Rb7 Rc2 47. Rd7 Rf2 48. Rxa7 Rh2+ 0-1


[Site "https://www.chess.com"]

[Event "Titled Tuesday Blitz November 07 Early 2023"]
[White "Seletsky, Grigory"]
[Black "LeoWin2012"]
[WhiteFideId "14112191"]
[WhiteElo "2518"]
[BlackElo "2299"]
[Result "1-0"]
[Round "10"]
[TimeControl "180+1"]
[Date "2023.11.07"]
[WhiteClock "0:00:58"]
[BlackClock "0:00:07"]
[Board "89"]

1. b3 e5 2. Bb2 Nc6 3. e3 d5 4. Nf3 Bd6 5. Be2 Nf6 6. d4 e4 7. Ne5 O-O 8. Nxc6 bxc6 9. c4 Re8 10. Ba3 a5 11. Bxd6 cxd6 12. Nc3 dxc4 13. bxc4 d5 14. c5 Qc7 15. Rb1 Ba6 16. O-O Bxe2 17. Qxe2 Reb8 18. Na4 Nd7 19. a3 Ra7 20. h3 Rab7 21. Qc2 g6 22. Nc3 Kg7 23. Rxb7 Rxb7 24. Rb1 Qb8 25. Rxb7 Qxb7 26. Qb1 Qc7 27. Na4 Kf6 28. Nb6 Ke6 29. Nxd7 Kxd7 30. a4 Qa7 31. g4 Kc7 32. Kg2 Qb7 33. Qxb7+ Kxb7 34. g5 Kc7 35. f3 exf3+ 36. Kxf3 Kd7 37. e4 Ke6 38. h4 dxe4+ 39. Kxe4 f6 40. gxf6 Kxf6 41. d5 Ke7 42. d6+ Kd7 43. Ke5 h6 44. Kf6 g5 45. hxg5 hxg5 46. Kxg5 Ke6 47. Kg6 Kd7 48. Kf7 Kc8 49. Ke7 Kb7 50. d7 Ka6 51. d8=Q Kb7 52. Qb6+ Ka8 53. Qxc6+ Kb8 54. Qb6+ Ka8 55. Qxa5+ Kb8 56. Qb5+ Ka8 57. c6 Ka7 58. Qb7# 1-0


[Site "https://www.chess.com"]

[Event "Titled Tuesday Blitz November 07 Early 2023"]
[White "Khamdamova, Afruza"]
[Black "Samarth J Rao"]
[WhiteFideId "14210444"]
[BlackFideId "46652370"]
[WhiteElo "2518"]
[BlackElo "2095"]
[Result "1/2-1/2"]
[Round "10"]
[TimeControl "180+1"]
[Date "2023.11.07"]
[WhiteClock "0:00:04"]
[BlackClock "0:00:01"]
[Board "90"]

1. e4 c6 2. d4 d5 3. Nc3 dxe4 4. Nxe4 Bf5 5. Ng3 Bg6 6. Nf3 Nd7 7. h4 h6 8. Bd3 Bxd3 9. Qxd3 e6 10. Bf4 Ngf6 11. O-O-O Be7 12. Kb1 Nd5 13. Bd2 a5 14. Ne4 a4 15. a3 N7f6 16. Nxf6+ Nxf6 17. Ne5 Qd5 18. g4 Nd7 19. Nxd7 Qxd7 20. f4 b5 21. g5 h5 22. g6 f5 23. Rde1 Qd5 24. Rhg1 Bf6 25. Bc3 O-O-O 26. Qe2 Bxh4 27. Qxe6+ Qxe6 28. Rxe6 Kd7 29. Re5 Rdf8 30. Rh1 Be7 31. d5 Rf6 32. dxc6+ Rxc6 33. Rxf5 Rxg6 34. Rfxh5 Rb8 35. Rd1+ Ke8 36. Re5 Kf7 37. Rd7 Re6 38. Bb4 Rxe5 39. fxe5 Re8 40. Rb7 g5 41. Rxb5 Bxb4 42. Rxb4 Rxe5 43. Rxa4 Kf6 44. Rg4 Kf5 45. Rg1 g4 46. c4 Kf4 47. Kc2 Kf3 48. b4 g3 49. a4 Kf2 50. Rxg3 Kxg3 51. Kd3 Kf4 52. Kd4 Kf5 53. b5 Ke6 54. a5 Kd6 55. a6 Re1 56. c5+ Kc7 57. b6+ Kc6 58. a7 Ra1 59. Kc4 Ra4+ 60. Kb3 Ra5 61. Kb4 Ra1 62. Kc4 Ra2 63. Kd4 Ra4+ 64. Ke5 Ra5 65. Ke6 Ra6 66. Ke5 Ra5 67. Kd4 Ra4+ 68. Kc3 Kb7 69. Kb3 Ra5 70. Kb4 Ra1 71. Kb5 Rb1+ 72. Kc4 Rc1+ 73. Kd5 Rd1+ 74. Kc4 Rc1+ 75. Kb4 Rd1 76. c6+ Ka8 77. c7 Rb1+ 78. Kc5 Rc1+ 79. Kd6 Kb7 80. Kd7 Rd1+ 81. Ke6 Rc1 82. Kd6 Rd1+ 83. Kc5 Rc1+ 84. Kb4 Rc6 85. Ka4 Ka8 86. Kb5 Rc1 87. Ka6 Ra1+ 88. Kb5 Rb1+ 89. Kc6 Rc1+ 90. Kd7 Rd1+ 91. Kc8 Rb1 92. Kd8 Rd1+ 93. Ke7 Rc1 94. Kd7 Rd1+ 95. Kc6 Rc1+ 96. Kd7 1/2-1/2


[Site "https://www.chess.com"]

[Event "Titled Tuesday Blitz November 07 Early 2023"]
[White "Shimanov, Aleksandr"]
[Black "Feliz Dotel, Dewar Bienvenido"]
[WhiteFideId "4198603"]
[BlackFideId "6402801"]
[WhiteElo "2910"]
[BlackElo "2170"]
[Result "1-0"]
[Round "10"]
[TimeControl "180+1"]
[Date "2023.11.07"]
[WhiteClock "0:00:56"]
[BlackClock "0:00:05"]
[Board "91"]

1. e4 e5 2. Nf3 Nc6 3. Bc4 Nf6 4. d4 exd4 5. O-O Be7 6. Re1 d6 7. Nxd4 Bd7 8. Nc3 O-O 9. Bg5 h6 10. Bh4 Ne5 11. Bf1 Ng6 12. Bg3 Bg4 13. Qd2 Nh5 14. Nd5 Nxg3 15. hxg3 c6 16. Ne3 Bd7 17. Rad1 Qc7 18. c4 Rad8 19. Ndf5 Bxf5 20. Nxf5 Bf6 21. b4 Be7 22. Qc3 Bf6 23. Qb3 Ne7 24. Ne3 Ng6 25. Rd2 Rfe8 26. f3 Bg5 27. Rdd1 Bxe3+ 28. Qxe3 a5 29. a3 axb4 30. axb4 Ne5 31. Rd2 Ra8 32. Red1 Red8 33. Qc3 Ng6 34. Be2 Ra4 35. Kh2 Qb6 36. c5 Qxb4 37. Qxb4 Rxb4 38. cxd6 Ne5 39. f4 Nd7 40. e5 g6 41. Bf3 g5 42. Rd4 Rxd4 43. Rxd4 Ra8 44. Rb4 Ra7 45. Bg4 Nc5 46. f5 Kf8 47. e6 fxe6 48. fxe6 Ke8 49. Bh5+ Kd8 50. e7+ Kd7 51. e8=Q+ Kxd6 52. Qf8+ Kc7 53. Qxc5 1-0


[Site "https://www.chess.com"]

[Event "Titled Tuesday Blitz November 07 Early 2023"]
[White "BardArtem"]
[Black "lagunanivaria"]
[WhiteElo "2769"]
[BlackElo "2438"]
[Result "0-1"]
[Round "10"]
[TimeControl "180+1"]
[Date "2023.11.07"]
[WhiteClock "0:00:01"]
[BlackClock "0:00:10"]
[Board "92"]

1. e4 e5 2. d4 exd4 3. Qxd4 Nc6 4. Qd3 Nf6 5. Nc3 Bb4 6. Bd2 d6 7. Nge2 Ne5 8. Qg3 O-O 9. O-O-O Nh5 10. Qg5 Qxg5 11. Bxg5 Ng4 12. Bh4 Bc5 13. Nd4 Nf4 14. h3 Nf6 15. Bxf6 gxf6 16. Nd5 Nxd5 17. exd5 Bd7 18. Be2 Rfe8 19. Bg4 Bxg4 20. hxg4 Bxd4 21. Rxd4 Re2 22. Rf4 Kg7 23. b3 Rae8 24. Rh4 R8e4 25. Rf5 Re5 26. Rxe5 fxe5 27. g5 Rxf2 28. Rc4 Rxg2 29. Rxc7 Rxg5 30. Rxb7 h5 31. Rxa7 Rg4 32. Rc7 h4 33. Rc3 f5 34. a4 Rg3 35. Rc7+ Kh6 36. Rc8 Rg7 37. Rh8+ Rh7 38. Rg8 Rg7 39. Rh8+ Rh7 40. Rg8 h3 41. Rg1 h2 42. Rh1 Kg5 43. a5 Kg4 44. b4 Kg3 45. b5 Kg2 46. Rxh2+ Kxh2 47. b6 f4 48. a6 f3 49. b7 f2 50. b8=Q f1=Q+ 51. Kb2 Qxa6 52. Qf8 Rb7+ 53. Kc3 Rc7+ 54. Kd2 Qa5+ 55. Kd1 Qa1+ 56. Ke2 Rxc2+ 57. Kf3 Qf1+ 58. Ke4 Qxf8 59. Kd3 Rc5 60. Ke4 Qf4+ 61. Kd3 Qd4+ 62. Ke2 Rc2+ 63. Kf3 Qf4# 0-1


[Site "https://www.chess.com"]

[Event "Titled Tuesday Blitz November 07 Early 2023"]
[White "Filip, Andrei"]
[Black "Pakleza, Zbigniew"]
[WhiteFideId "1249452"]
[BlackFideId "1119290"]
[WhiteElo "2429"]
[BlackElo "2726"]
[Result "1-0"]
[Round "10"]
[TimeControl "180+1"]
[Date "2023.11.07"]
[WhiteClock "0:02:11"]
[BlackClock "0:02:25"]
[Board "93"]

1. c4 f6 2. d4 Kf7 3. Nf3 e6 4. e4 Ne7 5. Nc3 g6 6. e5 f5 7. h4 h6 8. d5 Bg7 9. Bd3 d6 10. Bf4 Nd7 11. dxe6+ Kxe6 12. Nd4+ Kf7 13. e6+ Kg8 14. exd7 Bxd7 15. Nf3 Nc6 16. O-O Ne5 17. Be2 Nxf3+ 18. Bxf3 Qxh4 19. Bg3 1-0


[Site "https://www.chess.com"]

[Event "Titled Tuesday Blitz November 07 Early 2023"]
[White "LiadCuba"]
[Black "Hambleton, Aman"]
[BlackFideId "2606577"]
[WhiteElo "2420"]
[BlackElo "2716"]
[Result "0-1"]
[Round "10"]
[TimeControl "180+1"]
[Date "2023.11.07"]
[WhiteClock "0:00:00"]
[BlackClock "0:00:04"]
[Board "94"]

1. d4 e5 2. dxe5 Nc6 3. Nf3 Qe7 4. Bf4 Qb4+ 5. Bd2 Qxb2 6. Nc3 Bb4 7. Rb1 Qxc3 8. Bxc3 Bxc3+ 9. Nd2 Nxe5 10. e3 Nf6 11. Bd3 O-O 12. O-O d5 13. Nf3 Nxf3+ 14. Qxf3 Be5 15. Bf5 b6 16. Rfd1 Bxf5 17. Qxf5 Rae8 18. h3 Re6 19. a4 a5 20. Qd3 Rc6 21. Rb5 Bd6 22. g4 h6 23. Kg2 Re8 24. Qf5 Re5 25. Qd3 Rc4 26. Qb3 Ree4 27. f3 Re8 28. Rdxd5 Nxd5 29. Rxd5 Rb4 30. Qd3 Re6 31. g5 hxg5 32. Rxg5 Rxa4 33. Qc3 g6 34. h4 Rxh4 35. Qc6 Rxe3 0-1


[Site "https://www.chess.com"]